 Dungeon Crawl Stone Soup version 0.26-a0-227-g1af32d979d (webtiles) character file.

Game seed: 12804641474129845082

16 BeastOfSaturn the Grasshopper (level 2, -3/26 HPs)
             Began as a Naga Warper on July 7, 2020.
             Slain by a gnoll
             ... wielding a +0 spear
              (8 damage)
             ... on level 1 of the Dungeon.
             The game lasted 00:02:13 (566 turns).

BeastOfSaturn the Grasshopper (Naga Warper)          Turns: 566, Time: 00:02:13

Health: -3/26      AC:  2    Str: 13    XL:     2   Next: 58%
Magic:  5/5        EV:  9    Int: 13    God:
Gold:   41         SH:  0    Dex: 10    Spells: 5/5 levels left

rFire    . . .     SeeInvis +   a - +0 falchion
rCold    . . .     Faith    .   (no shield)
rNeg     . . .     Spirit   .   b - +0 leather armour
rPois    +         Reflect  .   (no helmet)
rElec    .         Harm     .   (no cloak)
rCorr    .                      (no gloves)
MR       .....                  (no barding)
Stlth    +.........             (no amulet)
HPRegen  0.08/turn              (no ring)
MPRegen  0.09/turn              (no ring)

@: very slow
A: large, see invisible, deformed body, poison resistance, slowness 2, slow
metabolism 1, spit poison 1, AC +0
a: Spit Poison


You were on level 1 of the Dungeon.
You were not hungry.

You visited 1 branch of the dungeon, and saw 1 of its levels.

You collected 41 gold pieces.

Inventory:

Hand Weapons
 a - a +0 falchion (weapon)
Missiles
 e - 5 boomerangs of dispersal (quivered)
Armour
 b - a +0 leather armour (worn)
Scrolls
 d - a scroll of blinking
 g - a scroll of remove curse {unknown}
 h - a scroll of random uselessness {unknown}
Potions
 c - a potion of cancellation {unknown}
Comestibles
 f - 2 rations


   Skills:
 * Level 2.2 Fighting
 * Level 2.5 Long Blades
 - Level 0.8 Throwing
 - Level 0.7 Armour
 * Level 1.8 Dodging
 - Level 2.1 Spellcasting
   Level 3.0 Translocations


You had 5 spell levels left.
You didn't know any spells.
Your spell library contained the following spells:

 Spells                   Type           Power        Failure   Level
 Blink                    Tloc           N/A          14%         2
 Shroud of Golubria       Chrm/Tloc      #.....       26%         2
 Gell's Gravitas          Tloc           #.........   28%         3
 Lesser Beckoning         Tloc           #.........   28%         3
 Teleport Other           Tloc           #.......     28%         3
 Passage of Golubria      Tloc           N/A          67%         4


Dungeon Overview and Level Annotations

Branches:
Dungeon (1/15)

Altars:


Innate Abilities, Weirdness & Mutations

You cannot wear boots.
Your serpentine skin is tough. (AC +0)
You have supernaturally acute eyesight. (SInv)
Armour fits poorly on your strangely shaped body.
Your system is resistant to poisons. (rPois)
You cover ground very slowly.
You have a slow metabolism.
You can spit poison.


Message History

The gnoll hits you from afar with a +0 spear!
The gnoll barely misses you. The gnoll hits you but does no damage.
You closely miss the gnoll. The gnoll barely misses you.
You riposte.
You barely miss the gnoll. You completely miss the gnoll.
The gnoll hits you but does no damage.
You hit the gnoll.
The gnoll is moderately wounded.
The gnoll hits you but does no damage.
You hit the gnoll but do no damage.
The gnoll is moderately wounded.
The gnoll closely misses you.
You riposte.
You hit the gnoll.
The gnoll is severely wounded.
You hit the gnoll.
The gnoll is almost dead.
The gnoll hits you with a +0 spear!
* * * LOW HITPOINT WARNING * * *
You closely miss the gnoll.
The gnoll is almost dead.
The gnoll barely misses you. The gnoll hits you with a +0 spear!
You die...

#.#
#.#
#.#
#..
#.###
###
#...#
###.#
#.#
#.#
#.#
#@#
#g#
#.#
#.#
#.#
#.#
#.#
..#


You could see a gnoll.

Vanquished Creatures
  A leopard gecko (D:1)
  A giant cockroach (D:1)
  5 goblins (D:1)
  2 bats (D:1)
  2 frilled lizards (D:1)
  4 kobolds (D:1)
  A rat (D:1)
16 creatures vanquished.

Notes
Turn   | Place    | Note
-------+----------+-------------------------------------------
     0 | D:1      | BeastOfSaturn the Naga Warper began the quest for the Orb.
     0 | D:1      | Reached XP level 1. HP: 19/19 MP: 3/3
   278 | D:1      | Reached XP level 2. HP: 26/26 MP: 5/5
   566 | D:1      | Slain by a gnoll

Illustrated notes

Levels and vault maps discovered:
D:1:      sevenhm_arrival_forest_fort_small_4, layout_loops_ring

Action                   || total
-------------------------++-------
Melee: Falchion          ||    39
 Abil: Spit Poison       ||     3
Armor: Leather armour    ||    13
Dodge: Dodged            ||    25
       Rpst.: Falchion   ||     9

Table legend:
 A = Non-vault XP
 B = Vault XP
 C = Vault XP percentage of total XP
 D = Non-vault monster count
 E = Vault monster count
 F = Vault count percentage of total count
                 A         B        C        D         E       F
            +---------+---------+-------+---------+---------+-------
      Total |      24 |       0 |   0.0 |      16 |       0 |   0.0
            +---------+---------+-------+---------+---------+-------
        D:1 |      24 |       0 |   0.0 |      16 |       0 |   0.0
            +---------+---------+-------+---------+---------+-------
